[Event "*** Titled Tuesday Blitz"]
[Site "Chess.com"]
[Date "2018.05.01"]
[Round "8"]
[White "OparinGrigoriy"]
[Black "swayamsm"]
[Result "1/2-1/2"]
[WhiteElo "2879"]
[BlackElo "2591"]
[TimeControl "180+2"]
[EndTime "14:49:07 PDT"]
[Termination "Game drawn by repetition"]

1. e4 e6 2. d4 d5 3. Nc3 Nf6 4. Bg5 Bb4 5. e5 h6 6. Bc1 Ne4 7. Qg4 g5 8. a3 Bxc3+ 9. bxc3 c5 10. Bd3 h5 11. Qf3 g4 12. Qf4 Nxc3 13. dxc5 Nd7 14. h3 gxh3 15. Nxh3 Qc7 16. Bb2 Nxc5 17. Ng5 N3e4 18.
Bb5+ Kf8 19. O-O Nxg5 20. Qxg5 Qe7 21. Qf4 Bd7 22. Bd3 Rg8 23. a4 Qg5 24. Qxg5 Rxg5 25. Ba3 b6 26. a5 Rc8 27. axb6 axb6 28. f4 Rg3 29. Kf2 h4 30. Rh1 Rg4 31. Kf3 Rg3+ 32. Kf2 Rg4 33. Kf3 Rg3+ 34. Kf2 Rg4 1/2-1/2

[Event "*** Titled Tuesday Blitz"]
[Site "Chess.com"]
[Date "2018.05.01"]
[Round "8"]
[White "LastHeroJr"]
[Black "tigra"]
[Result "0-1"]
[WhiteElo "2463"]
[BlackElo "2715"]
[TimeControl "180+2"]
[EndTime "14:49:10 PDT"]
[Termination "tigra won by checkmate"]

1. e4 c5 2. Nf3 Nc6 3. d4 cxd4 4. Nxd4 Nf6 5. Nc3 g6 6. Nxc6 bxc6 7. e5 Ng8 8. Bc4 Bg7 9. Qf3 f5 10. Bf4 Rb8 11.
Bb3 Rb4 12. O-O e6 13. Qg3 Nh6 14. Rfe1 Nf7 15. h4 h6 16. Qxg6 Rxf4 17. Qxg7 Qxh4 18. f3 Qg5 19. Qxg5 hxg5 20. Kf2 Ba6 21. Rad1 Rfh4 22.
Na4 g4 23. f4 g3+ 24. Kf3 c5 25. Nxc5 Bb5 26. Ba4 Bxa4 27. Nxa4 d6 28. exd6 e5 29.
d7+ Ke7 30. Nc3 Rxf4+ 31. Kxg3 Rg8+ 32. Kh2 Rf2 33. Nd5+ Kd8 34. Rg1 Ng5 35. Rd3 Rh8+ 36. Kg3 Ne4# 0-1

[Event "*** Titled Tuesday Blitz"]
[Site "Chess.com"]
[Date "2018.05.01"]
[Round "8"]
[White "tomozupan"]
[Black "2Tilted"]
[Result "1/2-1/2"]
[WhiteElo "2153"]
[BlackElo "2292"]
[TimeControl "180+2"]
[EndTime "14:49:11 PDT"]
[Termination "Game drawn by repetition"]

1. d4 Nf6 2. Bg5 Ne4 3. Bf4 c5 4. f3 Qa5+ 5. c3 Nf6 6. d5 d6 7.
e4 Nbd7 8. Na3 g6 9. Qd2 h6 10. Nc4 Qc7 11. a4 a6 12. Bd3 b5 13. axb5 Bg7 14.
bxa6 g5 15. Bg3 Nh5 16. Ne2 Nxg3 17. Nxg3 Ne5 18. Nxe5 Bxe5 19. O-O c4 20. Bc2 Rxa6 21. Rxa6 Bxa6 22. Ba4+ Kf8 23. Nf5 e6 24. dxe6 fxe6 25. Nd4 Bc8 26. f4 gxf4 27. Rxf4+ Bxf4 28. Qxf4+ Qf7 29. Qxd6+ Kg7 30. Qe5+ Qf6 31. Qc7+ Qf7 32. Qxc4 Rf8 33. Nf3 Rd8 34. h3 Qf4 35. b4 Bb7 36. Qxe6 Qc1+ 37. Kh2 Qf4+ 38. Kh1 Qc1+ 39. Kh2 Qf4+ 40. Kh1 Qc1+ 41. Kh2 Qf4+ 1/2-1/2

[Event "*** Titled Tuesday Blitz"]
[Site "Chess.com"]
[Date "2018.05.01"]
[Round "8"]
[White "LuisFSiles"]
[Black "DishonorOnYourCow"]
[Result "0-1"]
[WhiteElo "2245"]
[BlackElo "2320"]
[TimeControl "180+2"]
[EndTime "14:49:12 PDT"]
[Termination "DishonorOnYourCow won by resignation"]

1. e4 c5 2. Nf3 d6 3. d4 cxd4 4. Qxd4 a6 5. c4 Nc6 6. Qd2 g6 7. b3 Bh6 8. Qb2 e5 9. Bxh6 Nxh6 10. Nc3 O-O 11. Be2 f5 12. O-O fxe4 13. Nxe4 Bf5 14. Nc3 Bg4 15. h3 Bxf3 16. Bxf3 Nf5 17. Bd5+ Kg7 18. Rad1 Nfd4 19. Ne2 Nxe2+ 20. Qxe2 Nd4 21. Qe4 Rf4 22. Qe3 Qc7 23. g3 Rf6 24. f4 Qc5 25. Kg2 Nc2 26. Qxc5 dxc5 27. fxe5 Ne3+ 28. Kg1 Rxf1+ 29.
Rxf1 Nxf1 30. Kxf1 Rb8 31. a4 b5 32. cxb5 axb5 33.
a5 Rd8 34. Bb7 Rd1+ 35. Ke2 Ra1 36. a6 Kf7 37. Kd3 Ke6 38. Ke4 Ra3 39. Bc8+ Ke7 40. Bb7 c4 41. bxc4 bxc4 42. Kd4 c3 43. Kd3 Ke6 44. Bc8+ Kxe5 45. a7 Rxa7 46. Kxc3 Rc7+ 0-1

[Event "*** Titled Tuesday Blitz"]
[Site "Chess.com"]
[Date "2018.05.01"]
[Round "8"]
[White "ilmago"]
[Black "Karina_Oparina"]
[Result "1/2-1/2"]
[WhiteElo "1948"]
[BlackElo "2105"]
[TimeControl "180+2"]
[EndTime "14:49:19 PDT"]
[Termination "Game drawn by repetition"]

1. e4 c6 2. d4 d5 3. exd5 cxd5 4. c3 Nc6 5. Nf3 Bg4 6. Bf4 Qb6 7. Qc2 Bxf3 8. gxf3 Rc8 9. Bh3 e6 10. Qe2 Nge7 11.
Na3 Ng6 12. Bg3 Bxa3 13. bxa3 Qa5 14. O-O Qxc3 15. Rac1 Nxd4 16. Qe3 Nc2 17. Qxa7 O-O 18. Bd6 Rfd8 19. Bb4 Qxf3 20. Bg2 Qg4 21. f3 Qg5 22. Qf2 Nxb4 23. Rxc8 Rxc8 24. axb4 Nf4 25. Qb2 Nxg2 26.
Qxg2 Qe3+ 27. Kh1 Qc3 28. Rg1 g6 29. b5 Qb4 30. Qe2 Rc4 31. Qe5 Qxb5 32. Qb8+ Kg7 33.
Qe5+ Kg8 34. Qb8+ Kg7 35. Qe5+ Kg8 36. Qb8+ Kg7 37. Qe5+ 1/2-1/2

[Event "*** Titled Tuesday Blitz"]
[Site "Chess.com"]
[Date "2018.05.01"]
[Round "8"]
[White "TheCount"]
[Black "Abrito99"]
[Result "0-1"]
[WhiteElo "2538"]
[BlackElo "2511"]
[TimeControl "180+2"]
[EndTime "14:49:21 PDT"]
[Termination "Abrito99 won by resignation"]

1. b3 d6 2. Bb2 Nd7 3. g3 Ngf6 4. Bg2 g6 5. Nf3 Bg7 6. d4 O-O 7. O-O c5 8. c4 Rb8 9. Nc3 a6 10. a4 b6 11. Qd2 Bb7 12. d5 b5 13. axb5 axb5 14. cxb5 Nxd5 15. Nxd5 Bxb2 16. Nxe7+ Qxe7 17. Qxb2 Bxf3 18. exf3 Rxb5 19. Rfe1 Qf6 20. Qc2 Rfb8 21.
Ra7 R5b7 22. Rxb7 Rxb7 23. f4 Rb4 24. h4 Kg7 25. h5 gxh5 26. Rd1 h4 27. Rd5 hxg3 28.
fxg3 Qe6 29. Rg5+ Kf8 30. Qxh7 Nf6 31. Qh8+ Ke7 32. Qa8 Rxb3 33. Qa7+ Nd7 34. Qa1 Qe2 35. Bf1 Qe4 36. Bg2 Rb1+ 37. Kh2 Qh7+ 0-1

[Event "*** Titled Tuesday Blitz"]
[Site "Chess.com"]
[Date "2018.05.01"]
[Round "8"]
[White "Bryakin_Mikhail"]
[Black "Zenzo"]
[Result "1-0"]
[WhiteElo "2596"]
[BlackElo "2395"]
[TimeControl "180+2"]
[EndTime "14:49:24 PDT"]
[Termination "Bryakin_Mikhail won by resignation"]

1. d4 Nf6 2. c4 e6 3. Nf3 d5 4.
g3 Bb4+ 5. Bd2 Be7 6. Bg2 O-O 7.
O-O c6 8. Qc2 b6 9. Rd1 Ba6 10.
Ne5 Nfd7 11. b3 Nxe5 12. dxe5 Nd7 13. f4 Rc8 14. Be3 f6 15. exf6 Bxf6 16. Bd4 e5 17. fxe5 Nxe5 18. Nd2 dxc4 19. Bxe5 Bxe5 20. Nxc4 Bxa1 21.
Rxd8 Rcxd8 22. Bxc6 Kh8 23. Bf3 b5 24. Na5 b4 25. Nc6 Rc8 26. Qe4 Bb7 27. Qxb4 Bxc6 28. Bxc6 a5 29. Qb5 Bd4+ 30. Kg2 Rf2+ 31. Kh3 Rf6 32.
Bf3 Bc3 33. Qb7 Rff8 34. Bd5 g6 35. e4 Bg7 36. Qa7 Bc3 37. Bc4 Rc6 38. e5 Bxe5 39. Qxa5 Bg7 40. Qd5 Rcf6 41. a4 Rf2 42. a5 h5 43. Qg5 Kh7 44. Bd3 R8f6 45. a6 Bh6 46. Qc5 h4 47. a7 hxg3 48. hxg3 Rf8 49. Qxf2 1-0

[Event "*** Titled Tuesday Blitz"]
[Site "Chess.com"]
[Date "2018.05.01"]
[Round "8"]
[White "EmreDedebas"]
[Black "GameOverBro"]
[Result "0-1"]
[WhiteElo "2364"]
[BlackElo "2419"]
[TimeControl "180+2"]
[EndTime "14:49:33 PDT"]
[Termination "GameOverBro won by resignation"]

1. c4 Nf6 2. Nc3 d6 3. Nf3 e5 4. g3 c6 5. Bg2 Be7 6. O-O O-O 7.
d3 a5 8. a3 Na6 9. Rb1 Qc7 10. b4 axb4 11. axb4 h6 12. Nd2 Be6 13. Ba3 d5 14. cxd5 cxd5 15. Na4 b6 16. Rc1 Qa7 17. Ra1 Qb8 18. Qb1 Rc8 19. Qb2 Bd6 20. Nc3 b5 21. Rfc1 Qb6 22. e4 d4 23. Nd5 Nxd5 24. exd5 Bf5 25.
Ne4 Bxe4 26. Bxe4 g6 27. Rc6 Rxc6 28. dxc6 Nxb4 29. Rc1 Nxd3 30. c7 Nxb2 31. Bxa8 Bxc7 32.
Bxb2 e4 33. Bxe4 Be5 34. Rc6 Qa5 35. Bc1 Qe1+ 0-1

[Event "*** Titled Tuesday Blitz"]
[Site "Chess.com"]
[Date "2018.05.01"]
[Round "8"]
[White "Perecke"]
[Black "MasterLeif"]
[Result "1-0"]
[WhiteElo "1959"]
[BlackElo "2366"]
[TimeControl "180+2"]
[EndTime "14:49:39 PDT"]
[Termination "Perecke won by checkmate"]

1. e4 Nf6 2. e5 Nd5 3. d4 d6 4. c4 Nb6 5. f4 Bf5 6. Nf3 e6 7. Be3 Nc6 8. Be2 dxe5 9. fxe5 Bb4+ 10. Nc3 O-O 11. O-O Na5 12. c5 Nd5 13. Nxd5 Qxd5 14.
a3 Qe4 15. Bf2 Bxc5 16. dxc5 Rad8 17. Qe1 Nb3 18. Rd1 Qc2 19. Nd4 Qxb2 20. Nxb3 Qxb3 21. Qb4 Qc2 22. Bf3 b6 23. cxb6 cxb6 24. Qe7 Rxd1 25.
Rxd1 h6 26. Bh4 Be4 27. Qxf8+ Kh7 28. Qxf7 Qc5+ 29. Bf2 Qc2 30. Bxe4+ Qxe4 31. Qxe6 Qc2 32. Qd5 Qg6 33. Qd3 h5 34. e6 Kh6 35. Qxg6+ Kxg6 36. e7 Kg5 37. e8=Q Kh6 38. Qh8+ Kg6 39. Rd6+ Kf7 40. Rd7+ Ke6 41. Qe8+ Kf5 42. Rf7+ Kg6 43. Qe6+ Kh7 44. Qf5+ Kh6 45. Be3+ g5 46. Bxg5# 1-0

[Event "*** Titled Tuesday Blitz"]
[Site "Chess.com"]
[Date "2018.05.01"]
[Round "8"]
[White "Alopekos"]
[Black "Kirill_Klukin"]
[Result "0-1"]
[WhiteElo "2318"]
[BlackElo "2492"]
[TimeControl "180+2"]
[EndTime "14:49:40 PDT"]
[Termination "Kirill_Klukin won on time"]

1. e4 c5 2. Nf3 Nc6 3. Nc3 e5 4. Bc4 Be7 5. d3 Nf6 6. Nd2 O-O 7. Nf1 d6 8. Ne3 Be6 9. Ncd5 a6 10. a4 Na5 11.
Ba2 b5 12. O-O Nc6 13. c3 Nd7 14. Nxe7+ Nxe7 15. Bxe6 fxe6 16. Qg4 Rf6 17. g3 Nf8 18. f4 exf4 19. Rxf4 Rxf4 20. gxf4 d5 21. exd5 Nxd5 22. Qf3 Nxe3 23. Bxe3 Rc8 24. axb5 axb5 25. Ra7 Rc7 26. Rxc7 Qxc7 27. Qe4 c4 28. dxc4 bxc4 29. Bd4 Qd7 30. Kf2 Qd5 31. Ke3 Kf7 32. Qe5 g6 33. Qg7+ Ke8 34.
Qg8 Qb7 0-1

[Event "*** Titled Tuesday Blitz"]
[Site "Chess.com"]
[Date "2018.05.01"]
[Round "8"]
[White "ENEASZ"]
[Black "rubhani"]
[Result "1-0"]
[WhiteElo "2465"]
[BlackElo "2428"]
[TimeControl "180+2"]
[EndTime "14:49:42 PDT"]
[Termination "ENEASZ won on time"]

1. e4 c6 2. d3 d5 3. Nd2 e5 4. Ngf3 Bd6 5. d4 exd4 6. exd5 cxd5 7. Bb5+ Nc6 8. Nxd4 Bd7 9. N2f3 Nge7 10. O-O O-O 11. h3 Rc8 12. c3 Qb6 13. Re1 Rfd8 14. Ba4 Bc5 15. Bg5 f6 16. Be3 Ne5 17. Bxd7 Rxd7 18. Nxe5 fxe5 19. Qg4 Rd6 20. b4 Bxd4 21. cxd4 e4 22.
Bf4 Rdd8 23. Be5 Ng6 24. Rac1 Rxc1 25. Rxc1 Nxe5 26. dxe5 Re8 27. Rc8 Rxc8 28. Qxc8+ Kf7 29. Qd7+ Kg6 30. e6 e3 31. e7 exf2+ 32. Kf1 Qa6+ 33. b5 1-0

[Event "*** Titled Tuesday Blitz"]
[Site "Chess.com"]
[Date "2018.05.01"]
[Round "8"]
[White "Manukyan_Artak"]
[Black "PchelkinVK"]
[Result "1-0"]
[WhiteElo "2372"]
[BlackElo "2406"]
[TimeControl "180+2"]
[EndTime "14:49:43 PDT"]
[Termination "Manukyan_Artak won on time"]

1. e4 e6 2. d4 d5 3. e5 c5 4.
c3 Nc6 5. Nf3 Bd7 6. a3 f6 7. b4 c4 8. g3 Qc7 9. exf6 Nxf6 10.
Bf4 Bd6 11. Bxd6 Qxd6 12. Bg2 O-O 13. O-O Ne4 14. Nfd2 Nf6 15. Nf3 Be8 16. Nbd2 Bg6 17. b5 Na5 18. Ne5 Bh5 19. Qe1 a6 20. a4 axb5 21.
axb5 Be8 22. Rb1 Qa3 23. Qc1 Qxc1 24. Rfxc1 Nd7 25. Ndf3 Nb3 26. Re1 Nxe5 27. Rxe5 Bxb5 28. Rxe6 Ra2 29. Rf1 Rc2 30. Ne5 Rxc3 31. Bxd5 Kh8 32. Nf7+ Rxf7 33. Rb6 Be8 34. Bxf7 Bxf7 35. Rxb7 Rf3 36.
Kg2 Rf6 37. Rb8+ Bg8 38. Re1 h6 39. Ree8 Nxd4 40. Rxg8+ Kh7 41. h4 c3 42. h5 g5 43.
Rgd8 Ne6 44. Rd7+ Ng7 45. Rbb7 1-0

[Event "*** Titled Tuesday Blitz"]
[Site "Chess.com"]
[Date "2018.05.01"]
[Round "8"]
[White "HarutyunianTigranK"]
[Black "gmcorrales"]
[Result "0-1"]
[WhiteElo "2722"]
[BlackElo "2753"]
[TimeControl "180+2"]
[EndTime "14:49:44 PDT"]
[Termination "gmcorrales won by resignation"]

1. c4 Nf6 2. Nc3 c5 3. g3 Nc6 4.
Bg2 d6 5. Nf3 e5 6. O-O Be7 7.
e3 O-O 8. d4 cxd4 9. exd4 Bg4 10.
dxe5 dxe5 11. Qxd8 Rfxd8 12. Be3 Rac8 13. h3 Be6 14. b3 Bb4 15. Na4 e4 16. Ne1 b5 17.
cxb5 Nd4 18. b6 axb6 19. Nxb6 Rc6 20. Nc4 Bxc4 21. bxc4 Rxc4 22. Kh2 Ne2 23. Rb1 h6 24. Rb2 Nc3 25. Nc2 Bf8 26. Na1 Ra4 27. Nb3 Nfd5 28. Bd4 f5 29. g4 g6 30. gxf5 gxf5 31.
Kh1 Nxa2 32. Be5 Nab4 33. Rg1 Kh7 34. Rd2 Nd3 35. f3 Nxe5 36. fxe4 fxe4 37. Rf2 Ne3 38. Rf5 Nxf5 0-1

[Event "*** Titled Tuesday Blitz"]
[Site "Chess.com"]
[Date "2018.05.01"]
[Round "8"]
[White "FairChess_on_YouTube"]
[Black "TigranLPetrosyan"]
[Result "0-1"]
[WhiteElo "2868"]
[BlackElo "2726"]
[TimeControl "180+2"]
[EndTime "14:49:51 PDT"]
[Termination "TigranLPetrosyan won by resignation"]

1. d4 g6 2. e4 Bg7 3. Nf3 d6 4. Bc4 Nf6 5. Qe2 O-O 6. e5 dxe5 7. dxe5 Nd5 8. O-O c6 9. h3 b5 10. Bb3 a5 11. Rd1 e6 12. a4 b4 13. Bg5 Qb6 14. Nbd2 Nd7 15. Ne4 Nxe5 16. Nxe5 Bxe5 17. Bxd5 exd5 18.
Nf6+ Bxf6 19. Bxf6 Bf5 20. Re1 c5 21. Qe5 Qc6 22. Bh4 Rfe8 23. Qf4 d4 24. g4 Bxc2 25. Bf6 Re6 26. Rxe6 Qxe6 27. Kh2 Re8 28. Kg3 d3 29.
Bg5 c4 30. Kh4 Qe4 31. Qf6 Qe5 32. Qc6 c3 33. bxc3 bxc3 34. Bf6 Qe2 35. Bd4 d2 36.
Qxc3 d1=Q 37. Rxd1 Qxd1 38. Bh8 Qd8+ 39. Kg3 Qd3+ 0-1

[Event "*** Titled Tuesday Blitz"]
[Site "Chess.com"]
[Date "2018.05.01"]
[Round "8"]
[White "arna"]
[Black "KRASAVCHIK2002"]
[Result "0-1"]
[WhiteElo "2109"]
[BlackElo "2053"]
[TimeControl "180+2"]
[EndTime "14:49:55 PDT"]
[Termination "KRASAVCHIK2002 won on time"]

1. e4 c5 2. Nf3 d6 3. Bb5+ Bd7 4. Bxd7+ Nxd7 5. O-O g6 6. c3 Bg7 7. d4 cxd4 8. cxd4 e6 9. Nc3 Ne7 10. Bf4 Nf6 11. Qa4+ Qd7 12. Qxd7+ Kxd7 13. Rfe1 d5 14. Ne5+ Ke8 15. Nb5 Kf8 16. Nd6 Nxe4 17. Ndxf7 Rg8 18.
f3 g5 19. Be3 Bxe5 20. Nxe5 Nd6 21. Bf2 Rc8 22. Nd7+ Kf7 23. Nc5 Rg6 24. Rac1 b6 25. Nd7 Nc4 26. b3 Ke8 27. bxc4 Kxd7 28. c5 bxc5 29. dxc5 Rb8 30. Rb1 Rxb1 31. Rxb1 Kc6 32.
g4 e5 33. Rb8 d4 34. Re8 Kd7 35. Ra8 Ra6 0-1

[Event "*** Titled Tuesday Blitz"]
[Site "Chess.com"]
[Date "2018.05.01"]
[Round "8"]
[White "Korchmar_Vasiliy"]
[Black "Oleksandr_Bortnyk"]
[Result "1-0"]
[WhiteElo "2731"]
[BlackElo "2776"]
[TimeControl "180+2"]
[EndTime "14:49:57 PDT"]
[Termination "Korchmar_Vasiliy won by resignation"]

1. d4 Nf6 2. Nf3 b6 3. Bf4 Bb7 4. e3 d6 5. Nbd2 Nbd7 6. h3 e6 7. Bh2 Be7 8. Bd3 g5 9. Nxg5 Rg8 10. Nxh7 Rxg2 11. Nxf6+ Nxf6 12. Qe2 Rg5 13. e4 c5 14. c3 cxd4 15. cxd4 Rc8 16. h4 Rg8 17. h5 Nh7 18. h6 Bg5 19. Nc4 Be7 20.
d5 e5 21. Ne3 Bg5 22. Nf5 Kf8 23. Rg1 Rg6 24. Qh5 b5 25. Ke2 Qa5 26. Rad1 Qxa2 27. f4 exf4 28. Rd2 Re8 29. Bxf4 Bxd5 30. Bxd6+ Kg8 31.
Ne7+ Rxe7 32. Bxe7 Bxe4 33. Bxe4 Qc4+ 34. Bd3 Qe6+ 35.
Kd1 Bxe7 36. Bxg6 Nf6 37. Bxf7+ Kf8 38. Bxe6 1-0

[Event "*** Titled Tuesday Blitz"]
[Site "Chess.com"]
[Date "2018.05.01"]
[Round "8"]
[White "Jospem"]
[Black "djano"]
[Result "1-0"]
[WhiteElo "2692"]
[BlackElo "2458"]
[TimeControl "180+2"]
[EndTime "14:50:05 PDT"]
[Termination "Jospem won on time"]

1. e4 c5 2. Nf3 d6 3. d4 cxd4 4.
Nxd4 Nf6 5. Nc3 a6 6. f3 e5 7. Nb3 Be7 8. Be3 O-O 9. Qd2 Be6 10. O-O-O b5 11. g4 Nc6 12. Kb1 b4 13. Nd5 a5 14.
g5 Nd7 15. Nxe7+ Nxe7 16. Qxd6 Nc8 17. Qd2 Qc7 18. Bb5 a4 19. Nc1 b3 20. cxb3 axb3 21. Nxb3 Rd8 22. Qc3 Qb8 23. a4 Ncb6 24. Bxb6 Nxb6 25.
Nc5 Rc8 26. Qb4 Nxa4 27. Nxa4 Bc4 28. Nc3 Be6 29. Rhe1 Qa7 30. Re2 Rab8 31. Red2 g6 32. Qa4 Qe3 33. Qa6 Rxc3 34. bxc3 Qxc3 35. Rb2 Bb3 36. Qd6 Rc8 37. Qd2 Bxd1 38. Qxd1 1-0

[Event "*** Titled Tuesday Blitz"]
[Site "Chess.com"]
[Date "2018.05.01"]
[Round "8"]
[White "tomsishere"]
[Black "Kouzari"]
[Result "0-1"]
[WhiteElo "2362"]
[BlackElo "2628"]
[TimeControl "180+2"]
[EndTime "14:50:05 PDT"]
[Termination "Kouzari won by resignation"]

1. d4 Nf6 2. c4 e6 3. Nc3 Bb4 4. Qc2 d5 5. cxd5 Qxd5 6. Nf3 O-O 7. Bd2 Bxc3 8. Bxc3 b6 9. g3 Bb7 10. Bg2 Qh5 11.
O-O Be4 12. Qd2 Nbd7 13. Qf4 Rac8 14. Rac1 Qd5 15. a3 a5 16. Rfd1 h6 17. Ne1 Bxg2 18. Nxg2 Qb7 19. f3 Nd5 20. Qd2 Rfd8 21. e4 Nxc3 22.
Rxc3 Nf6 23. Ne3 Rd7 24. Rd3 Rcd8 25. d5 exd5 26. Nxd5 Nxd5 27. exd5 Rd6 28. Kg2 R8d7 29. Qe3 Qc8 30. Qe5 Qd8 31. Rd4 Re7 32. Qf5 Re2+ 33. Kh3 g6 34. Qf4 h5 35. Re4 Qd7+ 36. g4 hxg4+ 37.
fxg4 Rxb2 38. Rde1 Rxd5 39. Re8+ Kg7 40. R1e3 Qd6 41.
R8e5 Rxe5 42. Rxe5 Rb5 43. Re4 Qxf4 44. Rxf4 Rb3+ 45. Kh4 Rxa3 46. Rc4 c5 47. g5 Rb3 0-1

[Event "*** Titled Tuesday Blitz"]
[Site "Chess.com"]
[Date "2018.05.01"]
[Round "8"]
[White "Flawless2018"]
[Black "MatthewG-p4p"]
[Result "1-0"]
[WhiteElo "2501"]
[BlackElo "2578"]
[TimeControl "180+2"]
[EndTime "14:50:08 PDT"]
[Termination "Flawless2018 won by resignation"]

1. d4 Nf6 2. c4 c5 3. d5 e6 4.
Nc3 exd5 5. cxd5 d6 6. Nf3 g6 7. Bf4 Bg7 8. e3 O-O 9. h3 Na6 10. Nd2 Nc7 11. Nc4 Nfe8 12. a4 b6 13. Be2 Ba6 14. O-O Bxc4 15. Bxc4 a6 16. Re1 Qd7 17. e4 Rb8 18. Bf1 b5 19. axb5 axb5 20. Ra7 Qd8 21.
Qd2 b4 22. Nd1 Nf6 23. e5 Nfxd5 24. Bg5 f6 25. exf6 Nxf6 26. Bf4 Nfe8 27. Bc4+ Kh8 28. Bg5 Bf6 29. Bh6 Ng7 30. Ne3 Bd4 31. Ng4 d5 32.
Bxd5 Qxd5 33. Rxc7 Rf7 34. Rxf7 Qxf7 35. Ne5 Qd5 36. Qf4 Rc8 37. Qf6 Rc7 38. Ra1 Bxe5 39. Qf8+ Qg8 40. Ra8 1-0

[Event "*** Titled Tuesday Blitz"]
[Site "Chess.com"]
[Date "2018.05.01"]
[Round "8"]
[White "VeraNebolsina"]
[Black "amiralfio"]
[Result "1/2-1/2"]
[WhiteElo "2400"]
[BlackElo "2364"]
[TimeControl "180+2"]
[EndTime "14:50:08 PDT"]
[Termination "Game drawn by repetition"]

1. e4 e5 2. Nf3 Nf6 3. Nc3 Bb4 4. Bc4 Bxc3 5. dxc3 d6 6. h3 Nc6 7. Qe2 O-O 8. Bg5 Be6 9. Nh2 h6 10. Bh4 g5 11.
Bxe6 fxe6 12. Bg3 Qe8 13. O-O-O Qh5 14. f3 Qg6 15. Bf2 Rf7 16. h4 Nh5 17. g3 Raf8 18. hxg5 hxg5 19. Qc4 Kg7 20. Rdg1 Rxf3 21. Nxf3 Rxf3 22.
g4 Nf4 23. Bg3 d5 24. exd5 exd5 25. Qb5 Ne2+ 26. Qxe2 Qf6 27. Qh2 Kf7 28. Qh7+ Ke8 29. Qg8+ Ke7 30. Rh7+ Kd6 31. Rhh1 Rxg3 32. Rxg3 Qf4+ 33.
Kb1 Qxg3 34. Qf8+ Kd7 35. Rh7+ Ke6 36. Rh6+ Kd7 37. Rh7+ Ke6 38. Qe8+ Kd6 39. Qf8+ Ke6 40. Qf5+ Kd6 41. Qf8+ Ke6 1/2-1/2

[Event "*** Titled Tuesday Blitz"]
[Site "Chess.com"]
[Date "2018.05.01"]
[Round "8"]
[White "PrinceCharming92"]
[Black "LADIESGET2KNOWME"]
[Result "1/2-1/2"]
[WhiteElo "2463"]
[BlackElo "2537"]
[TimeControl "180+2"]
[EndTime "14:50:15 PDT"]
[Termination "Game drawn by repetition"]

1. e4 e5 2. Nf3 Nc6 3. Bc4 Nf6 4. d3 Bc5 5. c3 a6 6. O-O Ba7 7. Nbd2 O-O 8. h3 Re8 9. Re1 d6 10. Bb3 Ne7 11. Nf1 Ng6 12. Be3 c5 13. Ng3 d5 14.
Bg5 d4 15. cxd4 cxd4 16. Rc1 h6 17. Bd2 Be6 18. Bxe6 Rxe6 19. Nf5 Qd7 20. Qb3 Rb6 21. Qa3 Re8 22. Rc2 Rc6 23. Rec1 Rxc2 24. Rxc2 Kh7 25. Qd6 Qxd6 26. Nxd6 Rf8 27. Nxb7 Nh5 28. Nd6 Nhf4 29. Ne1 Bb8 30. Nf5 Rd8 31. h4 h5 32. g3 Ne6 33.
Nf3 Rd7 34. Rc6 Rb7 35. b3 Bc7 36. Rxa6 Nc5 37. Ra8 Rb8 38. Rxb8 Bxb8 39. Ne1 Nf8 40. Bb4 Nfd7 41. Kf1 Na6 42. Ba3 Bc7 43. Ke2 Ba5 44. Nc2 Bc3 45. Ne7 Nb6 46. Nf5 Nc7 47. Nd6 Kg6 48. Bb4 Bb2 49. Nc4 Nxc4 50. bxc4 f5 51.
exf5+ Kxf5 52. f3 g5 53. hxg5 Kxg5 54. a4 Kf5 55. Ba5 Na6 56. Bd8 Ke6 57. g4 hxg4 58.
fxg4 Kd7 59. Bf6 Ke6 60. Bd8 Kd7 61. Ba5 Nc5 62. Bb4 Nxa4 63. Kf3 Ke6 64. Ke4 Bc3 65. g5 Bxb4 66. Nxb4 Nc5+ 67. Kf3 Kf5 68. g6 Kxg6 69. Kg4 Kf6 70. Nd5+ Ke6 71. Nb4 Kf6 72. Nd5+ Kg6 73. Nb4 Ne6 74. Nd5 Nc5 75. Nb4 1/2-1/2

[Event "*** Titled Tuesday Blitz"]
[Site "Chess.com"]
[Date "2018.05.01"]
[Round "8"]
[White "tuttocalabria"]
[Black "Kangoroo3000"]
[Result "1-0"]
[WhiteElo "2464"]
[BlackElo "2426"]
[TimeControl "180+2"]
[EndTime "14:50:23 PDT"]
[Termination "tuttocalabria won by resignation"]

1. d4 Nf6 2. Bg5 d5 3. Bxf6 gxf6 4. e3 e6 5. c4 dxc4 6. Bxc4 c5 7. Nf3 Nc6 8. O-O cxd4 9. exd4 Be7 10. d5 Na5 11. Bb5+ Bd7 12. Qa4 Bxb5 13. Qxb5+ Kf8 14. b4 f5 15. bxa5 Bf6 16. Qb4+ Qe7 17. d6 Qd7 18. Nc3 Rc8 19. Rac1 Rc6 20. Nb5 a6 21. Rxc6 bxc6 22. Nc7 Kg7 23. Nxa6 Ra8 24. Nc5 Qxd6 25. Re1 Be7 26.
Qc3+ Bf6 27. Ne5 Kg8 28. Qg3+ Bg7 29. Nb3 Qb4 30. f4 c5 31. Rc1 Rc8 32. Nc4 h6 33. h3 Kh7 34. Kh2 Ra8 35. Qd3 Bf6 36. Rc2 Kg7 37. Re2 Rd8 38. Qg3+ Kh7 39. Ne5 Qb5 40. Qf3 c4 41. Nc1 Kg7 42. Qg3+ Kf8 43. Qc3 Rc8 44.
Qa3+ Kg7 45. Re3 Ra8 46. Rg3+ Kh7 47. Qf3 Rxa5 48. Qh5 Qe8 49. Nxf7 Bg7 50. Ng5+ Kh8 51. Qxe8+ 1-0

[Event "*** Titled Tuesday Blitz"]
[Site "Chess.com"]
[Date "2018.05.01"]
[Round "8"]
[White "FearNoEvil12"]
[Black "Morshynska"]
[Result "0-1"]
[WhiteElo "1966"]
[BlackElo "2097"]
[TimeControl "180+2"]
[EndTime "14:50:23 PDT"]
[Termination "Morshynska won by checkmate"]

1. e4 e5 2. d4 exd4 3. Bc4 Bc5 4. Nf3 Nc6 5. O-O d6 6. h3 h6 7. c3 dxc3 8. Nxc3 Nf6 9. a3 O-O 10. b4 Bb6 11. Bb2 Be6 12. Nd5 Nd7 13. Qd2 Re8 14. Qc3 Nde5 15. Nxe5 dxe5 16. Rad1 Bd4 17. Qb3 Bxb2 18.
Qxb2 Nd4 19. f4 c6 20. fxe5 cxd5 21. exd5 Qc7 22. Qxd4 Rad8 23. Qf4 Bc8 24. d6 Qb6+ 25. Kh1 Be6 26. Bxe6 fxe6 27. Qf7+ Kh8 28. Rf3 a5 29. Rg3 Rg8 30. bxa5 Qxa5 31. Qxe6 Rge8 32. Qf7 Qxe5 33. Rdd3 Rf8 34. Qe7 Qa1+ 35. Kh2 Rfe8 36. Qxb7 Re1 37. Rge3 Rh1+ 38. Kg3 Qf6 39. Qe7 Qg6+ 40. Kh4 Ra8 41. Rg3 Ra4+ 42. Rg4 Qxg4# 0-1

[Event "*** Titled Tuesday Blitz"]
[Site "Chess.com"]
[Date "2018.05.01"]
[Round "8"]
[White "GMMatamoros"]
[Black "dhanushbharadwaj"]
[Result "1-0"]
[WhiteElo "2520"]
[BlackElo "2512"]
[TimeControl "180+2"]
[EndTime "14:50:24 PDT"]
[Termination "GMMatamoros won by resignation"]

1. Nf3 Nf6 2. c4 g6 3. g3 Bg7 4. Bg2 O-O 5. O-O d6 6. d4 Bg4 7. h3 Bxf3 8. exf3 e6 9. d5 exd5 10. cxd5 Re8 11. Nc3 Nbd7 12. f4 a6 13. Be3 Nb6 14. Qb3 Nfd7 15. Rad1 Nc5 16. Qc2 a5 17. Rfe1 Qd7 18. g4 Na6 19. Ne4 Nb4 20. Qb3 Re7 21.
a3 N4xd5 22. Rxd5 Nxd5 23. Qxd5 Rae8 24. Rd1 Qc6 25. Nc3 Bxc3 26. Qxc6 bxc6 27. bxc3 c5 28. Rb1 Rd8 29. a4 Ree8 30. Rb5 Rb8 31. Rxa5 Rb3 32.
c4 Rc8 33. Bc6 Rb4 34. Ra7 Rxc4 35. a5 Rc3 36. Bd7 Rb8 37. Rxc7 Ra3 38. Bc6 Rxa5 39. Bd5 Rf8 40. Rd7 Raa8 41. Bxa8 Rxa8 42. Rxd6 Rc8 43. Bd2 c4 44. Bc3 Kf8 45. Rd4 Ke7 46. g5 Ke6 47.
Kg2 Rc6 48. Kf3 Ke7 49. h4 Ke6 50. Kg4 Ke7 51. f5 gxf5+ 52. Kxf5 Rc5+ 53. Kg4 Ke6 54.
f4 Rc8 55. f5+ Ke7 56. Kf4 Rc6 57. Ke5 Rc8 58. f6+ Ke8 59. Rd5 Kf8 60. Kd4 Kg8 61.
h5 h6 62. g6 Re8 63. Rd7 Re2 64. Rd8+ 1-0

[Event "*** Titled Tuesday Blitz"]
[Site "Chess.com"]
[Date "2018.05.01"]
[Round "8"]
[White "LawrenceTrent"]
[Black "Alexander_Donchenko"]
[Result "0-1"]
[WhiteElo "2463"]
[BlackElo "2660"]
[TimeControl "180+2"]
[EndTime "14:50:25 PDT"]
[Termination "Alexander_Donchenko won on time"]

1. e4 c6 2. d4 d5 3. e5 Bf5 4.
g4 Be4 5. f3 Bg6 6. e6 Qd6 7.
exf7+ Bxf7 8. f4 h5 9. g5 e6 10. Nf3 Nd7 11. Bd3 Ne7 12. O-O Bg6 13. Bxg6+ Nxg6 14.
Ne5 Ndxe5 15. fxe5 Qd7 16. Nc3 O-O-O 17. Ne2 Be7 18. Qd3 Nh4 19. Ng3 Rdf8 20. Bd2 Qe8 21. c4 dxc4 22. Qe4 Qg6 23. Qxh4 Qd3 24. Bc3 Qe3+ 25.
Kg2 Bxg5 26. Qe4 h4 27. Qxe3 h3+ 28. Kh1 Bxe3 29. Rxf8+ Rxf8 30. Rf1 Rxf1+ 31. Nxf1 Bf2 32. Nd2 b5 33. Ne4 Be3 34. Nc5 b4 35. Bxb4 Bxd4 36.
Nxe6 Bxb2 37. Nc5 Bxe5 38. Kg1 a5 39. Be1 c3 40. Nd3 c2 41. Bd2 Bd6 42. Bxa5 Bf4 43. Bc3 c1=Q+ 44. Nxc1 Bxc1 45. Bxg7 Be3+ 46. Kf1 Bf4 47. Kg1 c5 48. Bc3 Kb7 49. a4 Kb6 50. Be1 c4 51. Bb4 Kc6 52. Kh1 Be5 53. Kg1 Kd5 54.
Be1 Kc5 55. Bd2 Kd4 56. Be1 Bc7 57. a5 Kc5 58. a6 Kb6 59. Ba5+ Kxa5 0-1